 Dungeon Crawl Stone Soup version 0.17.1-1-g73c8601 (webtiles) character file.

273 Rationalist the Skirmisher (level 6, -1/48 HPs)
             Began as a Demonspawn Berserker on Dec 23, 2015.
             Was a Priest of Trog.
             Slain by a mummy (17 damage)
             ... in an ossuary.
             The game lasted 00:06:07 (4101 turns).

Rationalist the Skirmisher (Demonspawn Berserker)   Turns: 4101, Time: 00:06:07

Health: -1/48      AC:  1    Str: 17    XL:     6   Next: 3%
Magic:  6/6        EV: 13    Int:  9    God:    Trog [***...]
Gold:   154        SH:  0    Dex: 14    Spells: 0 memorised, 5 levels left

rFire  + . .     SeeInvis .     a - +0 hand axe
rCold  . . .     Clarity  .     h - -1 robe (curse)
rNeg   . . .     SustAt   .     (no shield)
rPois  .         Gourm    .     (helmet restricted)
rElec  .         Spirit   .     (no cloak)
rCorr  .         Warding  .     (no gloves)
rMut   .         Stasis   .     (no boots)
MR     .....                    (no amulet)
Stlth  ++........               (no ring)
                                n - ring of flight

@: exhausted, slowed, very slow, not resistant to hostile enchantments,
unstealthy
A: horns 1, fire resistance 1
a: Berserk, Trog's Hand, Burn Spellbooks, Renounce Religion, Evoke Flight


You were in an ossuary.
You worshipped Trog.
Trog was most pleased with you.
You were very hungry.

You visited 1 branch of the dungeon, and saw 4 of its levels.
You also visited: Ossuary.

You collected 154 gold pieces.

Inventory:

Hand Weapons
 a - a +0 hand axe (weapon)
Missiles
 e - 44 sling bullets
Armour
 h - a cursed -1 robe (worn)
Jewellery
 n - a ring of flight (left hand)
Scrolls
 d - a scroll of random uselessness {unknown}
 g - 2 scrolls of remove curse {unknown}
 i - 3 scrolls of fear {unknown}
 l - 2 scrolls of enchant armour {unknown}
 m - a scroll of recharging {unknown}
 o - a scroll of teleportation {unknown}
 p - 6 scrolls of identify {unknown}
 t - a scroll of noise {unknown}
Potions
 b - a potion of invisibility {unknown}
 f - a potion of resistance {unknown}
 j - 2 potions of might {unknown}
 q - a potion of berserk rage {unknown}
 r - a potion of magic {unknown}
 s - a potion of heal wounds {unknown}
 u - a potion of lignification {unknown}
Comestibles
 c - 2 bread rations
 k - a slice of pizza
 v - a beef jerky


   Skills:
 + Level 4.2 Fighting
 + Level 3.9 Axes
 + Level 2.0 Armour
 + Level 3.6 Dodging
 + Level 1.7 Stealth


You had 5 spell levels left.
You didn't know any spells.

Dungeon Overview and Level Annotations

Branches:
Dungeon (6/15)
 Temple: D:4-7

Altars:
Ashenzari
Dithmenos
Fedhas
Nemelex Xobeh
Okawaru
Sif Muna

Shops:
D:6 *


Innate Abilities, Weirdness & Mutations

You have a pair of small horns on your head.
Your flesh is heat resistant.


Message History

The mummy closely misses you.
A gnoll zombie comes into view.
You hit the mummy.
The mummy is heavily damaged.
You closely miss the mummy. You hit the mummy.
The mummy is moderately damaged.
You hit the mummy.
The mummy is lightly damaged.
The mummy closely misses you. The mummy hits you! The mummy misses you.
You hit the mummy but do no damage.
You headbutt the mummy, but do no damage.
The mummy is heavily damaged.
You hit the mummy.
The mummy is moderately damaged.
You hit the mummy.
The mummy is moderately damaged.
You hit the mummy.
The mummy is moderately damaged.
The mummy closely misses you. The mummy hits you!
You die...

....##....##...
...............
....Z.........
............
#........#
#ZZZ...#


#MMMZ# #.@MZ# #....# #....# #....# #....# #....# #....# #.∩∩.# ###### You could
see 4 mummies, a gnoll zombie, 3 kobold zombies, a big kobold zombie and an orc
zombie.

Vanquished Creatures
  A giant frog (D:6)
  Ijyb (D:3)
  A mummy (D:6)
  8 adders
  2 worms (D:3)
  4 orcs
  A ball python (D:2)
  4 giant cockroaches
  12 hobgoblins
  10 jackals
  5 kobolds
  11 bats
  3 giant geckos
  3 giant newts
  10 goblins
  A hobgoblin zombie (Ossuary)
  2 quokkas
  7 rats
86 creatures vanquished.

Notes
Turn   | Place    | Note
--------------------------------------------------------------
     0 | D:1      | Rationalist the Demonspawn Berserker began the quest for the Orb.
     0 | D:1      | Reached XP level 1. HP: 18/18 MP: 1/1
   209 | D:1      | Gained mutation: You have a pair of small horns on your head. [demonic ancestry]
   209 | D:1      | Reached XP level 2. HP: 12/24 MP: 2/2
   388 | D:1      | Reached ** piety under Trog
   766 | D:2      | Reached XP level 3. HP: 25/29 MP: 3/3
  1043 | D:2      | Found a blossoming altar of Fedhas.
  1104 | D:2      | Found a sparkling altar of Nemelex Xobeh.
  1190 | D:2      | Found a shattered altar of Ashenzari.
  1459 | D:2      | Found an iron altar of Okawaru.
  1484 | D:2      | Gained mutation: Your flesh is heat resistant. [demonic ancestry]
  1484 | D:2      | Reached XP level 4. HP: 22/37 MP: 4/4
  1927 | D:2      | Found a deep blue altar of Sif Muna.
  2132 | D:3      | Reached skill level 1 in Stealth
  2429 | D:3      | Noticed Ijyb
  2451 | D:3      | Killed Ijyb
  2540 | D:3      | Reached *** piety under Trog
  2540 | D:3      | Reached XP level 5. HP: 15/42 MP: 5/5
  3278 | D:3      | Reached skill level 4 in Fighting
  3871 | D:3      | You fall through a shaft for 3 floors!
  3893 | D:6      | Found a shadowy altar of Dithmenos.
  3991 | D:6      | Found Iskurof's Assorted Antiques.
  4071 | D:6      | Found a sand-covered staircase.
  4079 | D:6      | Reached XP level 6. HP: 21/48 MP: 6/6
  4083 | Ossuary  | Entered an ossuary
  4101 | Ossuary  | Slain by a mummy

Action                   |  1- 3 |  4- 6 || total
-------------------------+-------+-------++-------
Melee: Hand axe          |   124 |   157 ||   281
Invok: Berserk           |     2 |     2 ||     4
       Trog's Hand       |       |     1 ||     1
 Stab: Sleeping          |     2 |       ||     2
       Distracted        |       |     1 ||     1
  Eat: Chunk             |     4 |     8 ||    12
       Beef jerky        |       |     1 ||     1
